 Seeded DCSS version 0.29.1-1-gd02db6906a (webtiles) character file.

Game seed: 3204461630680759211 (custom seed)

9312 GigaChad the Protected (level 11, -4/95 HPs)
             Began as a Minotaur Fighter on Oct 5, 2022.
             Was a Priest of Ashenzari.
             Slain by a yak (12 damage)
             ... on level 10 of the Dungeon on Oct 6, 2022.
             The game lasted 00:22:35 (10984 turns).

GigaChad the Protected (Minotaur Fighter)          Turns: 10984, Time: 00:22:36

Health: -4/95      AC: 23    Str: 24    XL:     11   Next: 21%
Magic:  10/10      EV: 12    Int:  7    God:    Ashenzari [***...]
Gold:   462        SH:  7    Dex: 15    Spells: 10/10 levels left

rFire   . . .      SeeInvis +   I - +1 demon whip (venom)
rCold   . . .      Faith    .   c - +0 buckler of the Unyielding Gaze {Melee, Cun} (curse)
rNeg    . . .      Spirit   .   l - +0 plate armour of Ashenzari's Insecurity {Alch, Fort} (curse)
rPois   .          Reflect  .   (helmet restricted)
rElec   +          Harm     .   C - +0 cloak "Chained Adversity" {Evo, Range} (curse)
rCorr   .          Rampage  .   (no gloves)
Will    .....      Clarity  +   (no boots)
Stlth   ..........              H - amulet "Loss of the Cosmic God" {Regen+, Bglg, Elem} (curse)
HPRegen 1.05/turn               f - ring of the Fated Prison {rElec AC+4 Dex+6, Melee, Fort} (curse)
MPRegen 0.12/turn               (no ring)

@: no status effects
A: horns 2, retaliatory headbutt
a: Renounce Religion, Curse Item, Shatter the Chains


You were on level 10 of the Dungeon.
You worshipped Ashenzari.
Ashenzari was most pleased with you.
You visited 2 branches of the dungeon, and saw 11 of its levels.

You collected 962 gold pieces.
You spent 500 gold pieces at shops.

Inventory:

Hand Weapons
 a - a +0 long sword of freezing
 m - a +6 eveningstar of protection
 D - a +4 long sword
 G - a +1 spectral quarterstaff
 I - a +1 demon whip of venom (weapon)
Armour
 b - a +0 scale mail
 c - the cursed +0 buckler of the Unyielding Gaze (worn) {Melee, Cun}

   It has a curse which improves the following skills: Melee Combat: Short
   Blades, Long Blades, Axes, Maces & Flails, Polearms, Staves and Unarmed
   Combat.
   Cunning:   Dodging and Stealth.
 l - the cursed +0 plate armour of Ashenzari's Insecurity (worn) {Alch, Fort}
   (You found it on level 1 of the Dungeon)

   It has a curse which improves the following skills: Alchemy: Poison Magic and
   Transmutations.
   Fortitude: Armour and Shields.
 B - a +0 troll leather armour
 C - the cursed +0 cloak "Chained Adversity" (worn) {Evo, Range}
   (You found it on level 7 of the Dungeon)

   It has a curse which improves the following skills: Evocations: Evocations.
   Ranged Combat: Ranged Weapons and Throwing.
Jewellery
 f - the cursed ring of the Fated Prison (left hand) {rElec AC+4 Dex+6, Melee, Fort}
   (You acquired it on level 2 of the Dungeon)

   [ring of protection]

   AC:        It affects your AC (+4).
   Dex:       It affects your dexterity (+6).
   rElec:     It insulates you from electricity.
   It has a curse which improves the following skills: Melee Combat: Short
   Blades, Long Blades, Axes, Maces & Flails, Polearms, Staves and Unarmed
   Combat.
   Fortitude: Armour and Shields.
 E - a ring of magical power
 H - the cursed amulet "Loss of the Cosmic God" (around neck) {Regen+, Bglg, Elem}
   (You found it on level 8 of the Dungeon)

   [amulet of regeneration]

   Regen:     It increases your rate of health regeneration.
   It has a curse which improves the following skills: Beguiling: Conjurations,
   Hexes and Translocations.
   Elements:  Fire Magic, Ice Magic, Air Magic and Earth Magic.
 J - an amulet of magic regeneration
Wands
 y - a wand of mindburst (2)
Scrolls
 j - 6 scrolls of amnesia
 o - 8 scrolls of identify
 q - a scroll of blinking
 s - a scroll of torment
 u - 3 scrolls of immolation
 v - 2 scrolls of noise
 w - a scroll of summoning
 x - 3 scrolls of fear
 A - 2 scrolls of poison
 L - a scroll of magic mapping
Potions
 d - 3 potions of might
 e - a potion of ambrosia
 g - 2 potions of attraction
 h - 6 potions of curing
 i - 3 potions of brilliance
 k - a potion of magic
 n - 2 potions of mutation
 p - 3 potions of heal wounds
 r - a potion of haste
 t - a potion of lignification
 F - a potion of flight
Miscellaneous
 z - a lightning rod (4/4)


   Skills:
 + Level 8.4 Fighting
 - Level 2.4(4.4) Long Blades
 + Level 14.0(16.4) Armour
 - Level 9.8(11.4) Dodging
 * Level 2.1(3.3) Stealth
 + Level 9.3(11.8) Shields


You had 10 spell levels left.
You didn't know any spells.
Your spell library contained the following spells:

 Spells                   Type           Power      Damage    Failure   Level
 Freeze                   Ice            0%         1d3       98%         1
 Blink                    Tloc           0%         N/A       99%         2
 Static Discharge         Conj/Air       0%         3-3/arc   99%         2
 Confusing Touch          Hex            0%         N/A       100%        3
 Ignite Poison            Fire/Tmut/Pois 0%         N/A       100%        3
 Lesser Beckoning         Tloc           0%         N/A       100%        3
 Mephitic Cloud           Conj/Pois/Air  0%         N/A       100%        3
 Ozocubu's Armour         Ice            0%         N/A       100%        3
 Freezing Cloud           Conj/Ice/Air   0%         6-21      100%        5
 Lightning Bolt           Conj/Air       0%         1d11      100%        5
 Manifold Assault         Tloc           0%         N/A       100%        5
 Metabolic Englaciation   Hex/Ice        0%         N/A       100%        5
 Yara's Violent Unravell  Hex/Tmut       0%         3d3       100%        5
 Simulacrum               Ice/Necr       0%         N/A       100%        6
 Enfeeble                 Hex            0%         N/A       100%        7
 Storm Form               Tmut/Air       0%         N/A       100%        7
 Disjunction              Tloc           0%         N/A       100%        8
 Maxwell's Capacitive Co  Air            0%         ∞         100%        8


Dungeon Overview and Level Annotations

Branches:
Dungeon (10/15)            Temple (1/1) D:7
   Lair: D:8-11         Orc: D:9-12

Altars:
Ashenzari
Cheibriados
Dithmenos
Elyvilon
Fedhas
Gozag
Hepliaklqana
Makhleb
Nemelex Xobeh
Okawaru
Qazlal
Ru
Sif Muna
Uskayaw
Vehumet
Wu Jian
Xom
Yredelemnul
The Shining One

Shops:
D:2 (

Annotations:
D:10 Lodul, Psyche


Innate Abilities, Weirdness & Mutations

You have a pair of horns on your head.
You reflexively headbutt those who attack you in melee.


Message History

You barely miss the vampire.
The vampire is heavily damaged.
The yak gores you. The yak gores you but does no damage. The yak gores you.
The vampire barely misses you. You furiously retaliate!
You headbutt the vampire, but do no damage.
You block the vampire's attack. The yak closely misses you.
You barely miss the vampire. You headbutt the vampire!
The vampire is severely damaged.
The yak gores you but does no damage. The yak closely misses you.
You furiously retaliate!
You headbutt the yak! The yak gores you but does no damage.
The yak closely misses you. You furiously retaliate!
You headbutt the yak, but do no damage. You block the vampire's attack.
The vampire barely misses you.
You whack the vampire!
You destroy the vampire!
The yak gores you but does no damage. The yak gores you!
* * * LOW HITPOINT WARNING * * *
The yak closely misses you. You furiously retaliate!
You headbutt the yak.
The yak misses you. x2; The yak gores you but does no damage.
The yak gores you!
* * * LOW HITPOINT WARNING * * *
The yak attacks as you move away! The yak misses you. You furiously retaliate!
You headbutt the yak. The yak attacks as you move away! The yak misses you.
You furiously retaliate!
You headbutt the yak, but do no damage. The yak gores you but does no damage.
The yak gores you!
* * * LOW HITPOINT WARNING * * *
The yak attacks as you move away! The yak gores you but does no damage.
The yak attacks as you move away! The yak gores you but does no damage.
The yak attacks as you move away! You block the yak's attack.
You barely miss the yak. You block the yak's attack.
The yak closely misses you.
You whack the yak!
The yak looks as sick as possible!
The yak is moderately wounded.
The yak gores you.
* * * LOW HITPOINT WARNING * * *
The yak closely misses you. You block the yak's attack.
The yak gores you but does no damage. The yak barely misses you.
You furiously retaliate!
You headbutt the yak! The yak gores you!
You die...

####### * *
##.....##.
##.........
#.Y.Y..>...,
#.Y@Y......
, *
#..Y.......
#..........
, , * *
#..........,
#...[......
* * *
##<†.......
, , +, ,
##......#. *
, #..###.# ,
, * Y.?## .#
,


You could see 5 yaks.

Vanquished Creatures
  A two-headed ogre (D:10)
  Amaemon (D:8)
  Pikel (D:4)
  Joseph (D:8)
  An orange demon (D:8)
  3 trolls
  Prince Ribbit (D:6)
  A hornet (D:9)
  A slime creature (D:7)
  A vampire (D:10)
  10 yaks
  Eustachio (D:6)
  Menkaure (D:6)
  Edmund (D:5)
  2 water moccasins
  4 ice beasts
  5 orc warriors
  A black bear (D:4)
  4 centaurs
  A phantom (D:5)
  Blork the orc (D:6)
  2 bullfrogs
  3 kobold brigands
  A scorpion (D:4)
  5 wights (D:7)
  13 killer bees
  An electric eel (D:7)
  3 hounds
  6 orc priests
  A gnoll bouda (D:8)
  4 jellies
  4 orc wizards
  Natasha (thrice) (D:4)
  8 iguanas
  2 river rats (D:4)
  11 adders
  A shadow imp (D:5)
  4 white imps
  An ufetubus (D:4)
  A worm (D:2)
  A dart slug (D:1)
  28 orcs
  5 ball pythons
  6 endoplasms
  2 giant cockroaches (D:3)
  4 hobgoblins
  6 jackals
  3 quokkas
  7 bats
  A frilled lizard (D:1)
  4 goblins
  19 kobolds
  5 rats
  A spectral orc (D:6)
209 creatures vanquished.

Vanquished Creatures (others)
  2 demonic plants (D:5)
  22 fungi (D:10)
  16 plants (D:7)
40 creatures vanquished.

Grand Total: 249 creatures vanquished

Notes
Turn   | Place    | Note
-------+----------+-------------------------------------------
     0 | D:1      | GigaChad the Minotaur Fighter began the quest for the Orb.
     0 | D:1      | Reached XP level 1. HP: 19/19 MP: 0/0
   146 | D:1      | Reached XP level 2. HP: 27/27 MP: 1/1
   678 | D:2      | Reached XP level 3. HP: 35/35 MP: 2/2
   695 | D:2      | Reached skill level 5 in Fighting
   976 | D:2      | Found Tucixim's Weapon Shop.
  1159 | D:2      | Identified a scroll of acquirement
  1159 | D:2      | Acquired the ring of Xom's Whimsicality {rElec AC+4 Dex+6}
  1198 | D:2      | Acquired 561 gold pieces
  1237 | D:2      | Bought a +6 eveningstar of protection for 500 gold pieces
  1817 | D:3      | Reached XP level 4. HP: 44/44 MP: 3/3
  2042 | D:3      | Got the Excursus on Quantum Ice
  2093 | D:3      | You fall into a shaft and drop 3 floors!
  2096 | D:6      | Noticed Eustachio
  2112 | D:6      | Killed Eustachio
  2113 | D:6      | Reached XP level 5. HP: 40/52 MP: 4/4
  2183 | D:6      | Noticed a centaur
  2190 | D:6      | Killed a centaur
  2191 | D:6      | Reached XP level 6. HP: 56/61 MP: 5/5
  2415 | D:6      | Reached skill level 1 in Dodging
  2437 | D:6      | Found a hazy altar of Hepliaklqana.
  2473 | D:5      | Entered Level 5 of the Dungeon
  2829 | D:5      | Reached XP level 7. HP: 68/68 MP: 6/6
  2894 | D:5      | Noticed Edmund
  2907 | D:5      | Killed Edmund
  2908 | D:5      | Reached skill level 5 in Dodging
  3423 | D:4      | Noticed Natasha
  3428 | D:4      | Killed Natasha
  3432 | D:4      | Found a broken altar of Ashenzari.
  3439 | D:4      | Became a worshipper of Ashenzari the Shackled
  3502 | D:4      | Noticed Pikel
  3506 | D:4      | Killed Pikel
  3507 | D:4      | Reached XP level 8. HP: 74/74 MP: 7/7
  3517 | D:4      | Noticed Natasha
  3522 | D:4      | Killed Natasha
  3611 | D:4      | Found a glowing drain.
  3674 | D:4      | Noticed Natasha
  3687 | D:4      | Killed Natasha
  3990 | D:3      | Found a faded altar of an unknown god.
  4003 | D:3      | Reached skill level 4 in Armour
  4265 | D:6      | Reached skill level 5 in Armour
  4363 | D:6      | Noticed Menkaure
  4364 | D:6      | Noticed Blork the orc
  4374 | D:6      | Killed Menkaure
  4375 | D:6      | Reached skill level 6 in Armour
  4375 | D:6      | Reached XP level 9. HP: 70/81 MP: 8/8
  4378 | D:6      | Killed Blork the orc
  4422 | D:6      | Noticed Prince Ribbit
  4443 | D:6      | Killed Prince Ribbit
  4444 | D:6      | Reached skill level 7 in Armour
  4976 | D:6      | Reached * piety under Ashenzari
  5312 | D:6      | Found an ornate altar of the Wu Jian Council.
  5339 | D:6      | Reached skill level 8 in Armour
  5481 | D:7      | Noticed a troll
  5496 | D:6      | Reached skill level 9 in Armour
  5507 | D:6      | Reached skill level 5 in Shields
  5519 | D:6      | Reached skill level 10 in Armour
  5832 | D:7      | Killed a troll
  6159 | D:7      | Found a staircase to the Ecumenical Temple.
  6166 | Temple   | Entered the Ecumenical Temple
  6453 | D:7      | Found a shimmering altar of Xom.
  6620 | D:7      | Reached ** piety under Ashenzari
  6739 | D:7      | Reached skill level 11 in Armour
  6739 | D:7      | Reached XP level 10. HP: 43/82 MP: 9/9
  7035 | D:7      | Found a shadowy altar of Dithmenos.
  7807 | D:8      | Noticed Amaemon
  7811 | D:8      | Noticed an orange demon
  7873 | D:8      | Killed Amaemon
  7874 | D:8      | Reached skill level 12 in Armour
  7893 | D:8      | Killed an orange demon
  8420 | D:8      | Noticed Joseph
  8436 | D:8      | Killed Joseph
  8717 | D:8      | Found a blossoming altar of Fedhas.
  8732 | D:8      | Found a snail-covered altar of Cheibriados.
  8911 | D:8      | Reached skill level 13 in Armour
  9433 | D:9      | Reached *** piety under Ashenzari
 10422 | D:9      | Reached skill level 1 in Stealth
 10422 | D:9      | Reached XP level 11. HP: 83/94 MP: 10/10
 10913 | D:9      | Found a sacrificial altar of Ru.
 10926 | D:10     | Entered Level 10 of the Dungeon
 10926 | D:10     | Noticed a two-headed ogre
 10931 | D:10     | Killed a two-headed ogre
 10932 | D:10     | Reached skill level 14 in Armour
 10956 | D:10     | Noticed Lodul
 10956 | D:10     | Noticed Psyche
 10978 | D:10     | HP: 4/95 [yak (11)]
 10984 | D:10     | Slain by a yak

Illustrated notes

Levels and vault maps discovered:
D:1:      eino_arrival_cavern_c, layout_basic
D:2:      layout_basic, serial_shops, nicolae_shop_bloodbath_and_beyond
D:3:      layout_basic, lemuel_tele_altar, mainiacjoe_overflow_alcove_4,
          hellmonk_ecumenical_altar_lost_god
D:4:      layout_cave_pools, old_standard_altar, cheibrodos_sewer_entry_sluice,
          uniq_pikel, uniq_natasha
D:5:      layout_layer_cave, serial_demonic, serial_demonic_e, serial_demonic_c,
          serial_demonic_e, serial_demonic_g, serial_shops,
          nicolae_lakefront_shop, uniq_edmund
D:6:      layout_loops_corners, nzn_wu_jian_council_hall,
          nicolae_hepliaklqana_monster_ancestors, minmay_door_square,
          uniq_eustachio, uniq_sigmund, uniq_blork_the_orc, uniq_menkaure,
          uniq_prince_ribbit1, uniq_crazy_yiuf_cottage
D:7:      hangedman_cross_stitches, layout_loops_cross, marbit_many_paths,
          nicolae_dithmenos_shadow_blocks, minmay_temple_entry_butterflies,
          serial_bayou, serial_bayou_lagoon_b, serial_bayou_pond_c,
          serial_bayou_lagoon_a, serial_bayou_pond_a, serial_bayou_ford_a
D:8:      layout_basic, jmf_multi_god_temple, uniq_amaemon, uniq_joseph
D:9:      layout_grid_maze, kennysheep_mini
D:10:     cheibrodos_shockbox, layout_rooms, mainiacjoe_overflow_cross_hatched,
          erik_lair_orcish_takeover, grunt_potential, uniq_psyche, uniq_lodul,
          uniq_josephine
Temple:   minmay_temple_curvy_loop

Skill      XL: |  1  2  3  4  5  6  7  8  9 10 11 |
---------------+----------------------------------+-----
Fighting       | 4 5 7 8 |  8.4
Dodging        | 4 8 9 |  9.8
Armour         | 6 11 13 14 | 14.0
Shields        | 5 8 9 |  9.3
Stealth        | 1 2 |  2.1
Long Blades    | |  2.4

Action                   |  1- 3 |  4- 6 |  7- 9 | 10-12 || total
-------------------------+-------+-------+-------+-------++-------
Melee: Long sword        |    80 |       |       |       ||    80
       Headbutt          |    12 |     9 |    34 |    63 ||   118
       Eveningstar       |     6 |    58 |   196 |    67 ||   327
       Demon whip        |       |       |       |   144 ||   144
Invok: Curse Item        |       |       |     3 |     2 ||     5
  Use: Scroll            |     4 |     1 |     1 |     4 ||    10
Armor: Scale mail        |    21 |       |       |       ||    21
       Plate armour      |    85 |    88 |   162 |   228 ||   563
Dodge: Dodged            |    40 |    39 |   114 |   238 ||   431
Block: Buckler           |    37 |    35 |    75 |   133 ||   280
